[ AOE2 MATCH · #463335697 ]
Team RMVietnamese vs Huns
[ REPLAY ANALYSIS · EXTRACTED FROM THE RECORDED GAME ]
Feudal
13:11
Castle
24:47
Imperial
40:39
| APM avg | 17.3 |
| APM peak | 43 |
| eAPM avg | 9.7 |
| Villagers / military | 91 / 74 |
Focus
⚔️ 31.0% · 🌾 69.0%
Skirmisher ×35 · Rattan Archer ×19 · Trade Cart ×13 · Fishing Ship ×12 · Fire Galley ×6 · Galley ×4
Feudal
12:35
Castle
21:57
Imperial
39:39
| APM avg | 9.5 |
| APM peak | 30 |
| eAPM avg | 8.0 |
| Villagers / military | 111 / 290 |
Focus
⚔️ 35.2% · 🌾 64.8%
Spearman ×212 · Samurai ×54 · Trade Cart ×19 · Petard ×10 · Trade Cog ×9 · Militia ×5
Feudal
10:47
Castle
19:48
Imperial
37:48
| APM avg | 21.2 |
| APM peak | 54 |
| eAPM avg | 14.4 |
| Villagers / military | 99 / 183 |
Focus
⚔️ 42.2% · 🌾 57.8%
Spearman ×98 · Serjeant ×69 · Unknown (882) ×19 · Trade Cart ×11 · Mangonel ×5 · Militia ×4
Feudal
14:49
Castle
22:11
Imperial
34:09
| APM avg | 9.9 |
| APM peak | 25 |
| eAPM avg | 6.0 |
| Villagers / military | 104 / 103 |
Focus
⚔️ 41.6% · 🌾 58.4%
Spearman ×64 · Trade Cart ×11 · Fire Galley ×9 · Jaguar Warrior ×9 · Militia ×8 · Galley ×7
Feudal
13:46
Castle
27:38
Imperial
48:12
| APM avg | 10.6 |
| APM peak | 33 |
| eAPM avg | 7.3 |
| Villagers / military | 57 / 46 |
Focus
⚔️ 31.2% · 🌾 68.8%
Knight ×21 · Scout Cavalry ×12 · Trade Cart ×7 · Trebuchet (Packed) ×7 · Fishing Ship ×6 · Battering Ram ×4
Feudal
11:20
Castle
26:29
Imperial
47:10
| APM avg | 15.3 |
| APM peak | 42 |
| eAPM avg | 7.9 |
| Villagers / military | 55 / 60 |
Focus
⚔️ 30.2% · 🌾 69.8%
Genoese Crossbowman ×22 · Fire Galley ×17 · Trade Cart ×9 · Militia ×8 · Archer ×6 · Trebuchet (Packed) ×4
Match map
Initial resources + every placement click. Lines = walls · curves = elevation contours. ◆ gold · ⬟ stone · ● berries · ✦ relic · ◌ wall gap
Inputs per minute
— CyberNinjaX - - olaf.kreegs
Build order — CyberNinjaX
First 150 of 284 actions detected
| 0:14 | Build | House |
| 0:15 | Build | House |
| 0:20 | Research | Loom |
| 0:20 | Research | Loom |
| 0:39 | Create | Villager (Male) |
| 0:40 | Create | Villager (Male) |
| 0:42 | Create | Villager (Male) |
| 0:42 | Create | Villager (Male) |
| 0:43 | Create | Villager (Male) |
| 2:24 | Create | Villager (Male) |
| 2:34 | Create | Villager (Male) |
| 2:35 | Create | Villager (Male) |
| 2:54 | Create | Villager (Male) |
| 2:54 | Create | Villager (Male) |
| 3:22 | Create | Villager (Male) |
| 3:22 | Create | Villager (Male) |
| 3:22 | Create | Villager (Male) |
| 3:31 | Build | House |
| 3:35 | Build | House |
| 4:08 | Create | Villager (Male) |
| 4:08 | Create | Villager (Male) |
| 4:31 | Create | Villager (Male) |
| 4:32 | Create | Villager (Male) |
| 4:32 | Create | Villager (Male) |
| 5:01 | Build | House |
| 5:18 | Build | Lumber Camp |
| 5:23 | Create | Villager (Male) |
| 5:24 | Create | Villager (Male) |
| 6:25 | Create | Villager (Male) |
| 6:25 | Create | Villager (Male) |
| 6:26 | Create | Villager (Male) |
| 6:26 | Create | Villager (Male) |
| 6:38 | Build | Dock |
| 7:52 | Create | Villager (Male) |
| 7:52 | Create | Villager (Male) |
| 7:56 | Create | Fishing Ship |
| 7:56 | Create | Fishing Ship |
| 8:55 | Create | Fishing Ship |
| 9:19 | Build | Mill |
| 9:38 | Create | Fishing Ship |
| 10:45 | Create | Fishing Ship |
| 10:45 | Create | Fishing Ship |
| 11:01 | Research | Feudal Age |
| 11:01 | Research | Feudal Age |
| 11:18 | Build | Lumber Camp |
| 11:34 | Build | House |
| 11:36 | Build | House |
| 12:07 | Create | Fishing Ship |
| 12:17 | Create | Villager (Male) |
| 12:42 | Build | Dock |
| 13:11 | Age | Feudal Age |
| 13:12 | Create | Fishing Ship |
| 13:14 | Create | Fishing Ship |
| 13:15 | Research | Tech 906 |
| 13:23 | Research | Wheelbarrow |
| 13:25 | Research | Double-Bit Axe |
| 13:47 | Create | Fishing Ship |
| 13:47 | Create | Fishing Ship |
| 13:50 | Build | House |
| 14:00 | Create | Fishing Ship |
| 14:00 | Create | Villager (Male) |
| 14:02 | Create | Villager (Male) |
| 14:24 | Build | Mining Camp |
| 14:42 | Create | Villager (Male) |
| 15:36 | Create | Villager (Male) |
| 15:52 | Build | Farm |
| 15:52 | Build | Farm |
| 15:52 | Build | Farm |
| 15:53 | Build | Farm |
| 15:53 | Build | Farm |
| 15:53 | Build | Farm |
| 15:54 | Build | Farm |
| 15:55 | Build | Farm |
| 16:04 | Build | Mining Camp |
| 16:15 | Create | Villager (Male) |
| 16:16 | Create | Villager (Male) |
| 16:16 | Create | Villager (Male) |
| 16:18 | Create | Villager (Male) |
| 17:21 | Create | Villager (Male) |
| 17:33 | Build | Blacksmith |
| 17:51 | Build | House |
| 17:52 | Build | House |
| 18:00 | Create | Fire Galley |
| 18:00 | Create | Fire Galley |
| 18:06 | Create | Fire Galley |
| 18:06 | Create | Fire Galley |
| 19:33 | Build | House |
| 19:48 | Build | Barracks |
| 20:14 | Research | Town Watch |
| 20:19 | Build | House |
| 20:59 | Build | Market |
| 21:19 | Build | Archery Range |
| 21:57 | Build | Lumber Camp |
| 22:07 | Research | Castle Age |
| 22:45 | Build | House |
| 22:47 | Build | House |
| 22:49 | Build | House |
| 22:50 | Build | House |
| 24:46 | Build | Dock |
| 24:47 | Age | Castle Age |
| 24:53 | Research | Town Patrol |
| 24:53 | Research | Hand Cart |
| 25:13 | Build | Town Center |
| 25:41 | Build | House |
| 25:42 | Build | House |
| 25:49 | Research | Gold Mining |
| 25:50 | Research | Stone Mining |
| 26:37 | Create | Villager (Male) |
| 26:37 | Create | Villager (Male) |
| 26:37 | Create | Villager (Male) |
| 26:38 | Create | Villager (Male) |
| 26:38 | Create | Villager (Male) |
| 27:01 | Create | Transport Ship |
| 27:11 | Build | Dock |
| 27:27 | Build | Barracks |
| 27:37 | Create | Villager (Male) |
| 27:37 | Create | Villager (Male) |
| 27:38 | Create | Villager (Male) |
| 27:38 | Create | Villager (Male) |
| 27:38 | Create | Villager (Male) |
| 27:39 | Create | Villager (Male) |
| 27:40 | Create | Villager (Male) |
| 28:11 | Research | Elite Skirmisher (upgrade) |
| 28:11 | Research | Elite Skirmisher (upgrade) |
| 28:13 | Create | Skirmisher |
| 28:13 | Create | Skirmisher |
| 28:13 | Create | Skirmisher |
| 28:17 | Build | Archery Range |
| 28:25 | Create | Villager (Male) |
| 28:25 | Create | Villager (Male) |
| 28:25 | Create | Villager (Male) |
| 28:26 | Create | Villager (Male) |
| 28:31 | Create | Villager (Male) |
| 28:51 | Research | Fletching |
| 28:51 | Research | Padded Archer Armor |
| 28:55 | Research | Gillnets |
| 29:12 | Create | Skirmisher |
| 29:12 | Create | Skirmisher |
| 29:13 | Create | Skirmisher |
| 29:13 | Create | Skirmisher |
| 29:17 | Build | Archery Range |
| 29:38 | Create | Galley |
| 29:39 | Create | Galley |
| 29:41 | Create | Galley |
| 29:48 | Create | Galley |
| 29:52 | Create | Villager (Male) |
| 29:52 | Create | Villager (Male) |
| 29:52 | Create | Villager (Male) |
| 29:54 | Create | Villager (Male) |
| 29:54 | Create | Villager (Male) |
Build order — olaf.kreegs
First 150 of 262 actions detected
| 0:08 | Build | House |
| 0:10 | Build | House |
| 0:10 | Create | Villager (Male) |
| 0:11 | Create | Villager (Male) |
| 0:11 | Create | Villager (Male) |
| 0:11 | Create | Villager (Male) |
| 0:12 | Create | Villager (Male) |
| 1:50 | Create | Villager (Male) |
| 1:50 | Create | Villager (Male) |
| 2:03 | Build | Lumber Camp |
| 2:20 | Create | Villager (Male) |
| 2:42 | Create | Villager (Male) |
| 3:11 | Create | Villager (Male) |
| 3:24 | Create | Villager (Male) |
| 4:06 | Build | House |
| 4:10 | Build | Mill |
| 4:13 | Create | Villager (Male) |
| 4:37 | Create | Villager (Male) |
| 4:51 | Create | Villager (Male) |
| 5:25 | Create | Villager (Male) |
| 5:42 | Create | Villager (Male) |
| 6:05 | Create | Villager (Male) |
| 6:13 | Create | Villager (Male) |
| 6:25 | Build | House |
| 6:57 | Build | Mining Camp |
| 7:04 | Create | Villager (Male) |
| 7:04 | Create | Villager (Male) |
| 7:31 | Build | Farm |
| 7:44 | Build | Farm |
| 7:48 | Build | Farm |
| 7:50 | Build | Farm |
| 8:10 | Build | Farm |
| 8:48 | Create | Villager (Male) |
| 8:48 | Create | Villager (Male) |
| 9:00 | Build | House |
| 9:34 | Create | Villager (Male) |
| 10:25 | Research | Feudal Age |
| 10:27 | Create | Villager (Male) |
| 11:36 | Create | Villager (Male) |
| 11:37 | Create | Villager (Male) |
| 11:37 | Create | Villager (Male) |
| 11:38 | Create | Villager (Male) |
| 11:38 | Create | Villager (Male) |
| 11:39 | Create | Villager (Male) |
| 11:39 | Create | Villager (Male) |
| 12:09 | Build | Farm |
| 12:26 | Build | Farm |
| 12:29 | Build | Farm |
| 12:30 | Build | Farm |
| 12:35 | Age | Feudal Age |
| 13:33 | Research | Double-Bit Axe |
| 13:36 | Research | Horse Collar |
| 13:39 | Build | Farm |
| 14:10 | Build | House |
| 14:14 | Build | Blacksmith |
| 15:26 | Build | Farm |
| 15:28 | Build | Farm |
| 15:30 | Build | Farm |
| 15:39 | Build | Barracks |
| 15:43 | Build | Farm |
| 15:57 | Create | Villager (Male) ×5 |
| 17:00 | Build | House |
| 17:04 | Build | House |
| 17:05 | Build | House |
| 17:07 | Build | House |
| 17:22 | Research | Wheelbarrow |
| 17:46 | Build | Market |
| 18:11 | Research | Arson |
| 18:12 | Research | Man-at-Arms (upgrade) |
| 18:20 | Research | Castle Age |
| 18:23 | Research | Town Watch |
| 18:24 | Research | Loom |
| 18:34 | Research | Gold Mining |
| 19:11 | Build | Dock |
| 19:39 | Build | Stable |
| 19:47 | Create | Galley ×4 |
| 20:58 | Create | Villager (Male) ×5 |
| 20:58 | Create | Villager (Male) ×5 |
| 20:58 | Create | Villager (Male) ×5 |
| 20:58 | Create | Villager (Male) ×5 |
| 20:59 | Create | Villager (Male) ×2 |
| 21:50 | Build | Farm |
| 21:51 | Build | Farm |
| 21:52 | Build | Farm |
| 21:54 | Build | Farm |
| 21:56 | Build | Farm |
| 21:57 | Age | Castle Age |
| 21:57 | Build | Farm |
| 22:10 | Build | Town Center |
| 22:45 | Research | Forging |
| 22:45 | Research | Scale Mail Armor |
| 22:46 | Research | Scale Barding Armor |
| 22:47 | Research | Fletching |
| 22:48 | Research | Padded Archer Armor |
| 23:20 | Research | Hand Cart |
| 23:21 | Create | Villager (Male) ×5 |
| 23:21 | Create | Villager (Male) ×5 |
| 23:53 | Build | Farm |
| 23:53 | Build | Farm |
| 23:54 | Build | Farm |
| 23:55 | Build | Farm |
| 24:47 | Research | Bow Saw |
| 24:50 | Research | Heavy Plow |
| 25:21 | Build | Lumber Camp |
| 25:40 | Build | Farm |
| 25:43 | Research | Bodkin Arrow |
| 25:44 | Research | Iron Casting |
| 26:08 | Create | Transport Ship |
| 26:21 | Create | Villager (Male) ×5 |
| 26:30 | Create | Villager (Male) ×3 |
| 26:55 | Build | Town Center |
| 27:03 | Create | Villager (Male) ×5 |
| 27:31 | Build | House |
| 27:33 | Build | House |
| 27:35 | Build | House |
| 27:36 | Build | House |
| 27:37 | Build | House |
| 28:10 | Create | Villager (Male) ×5 |
| 28:10 | Create | Villager (Male) ×5 |
| 28:25 | Build | Farm |
| 28:27 | Build | Farm |
| 28:30 | Build | Farm |
| 28:49 | Create | Villager (Male) ×5 |
| 29:09 | Build | Farm |
| 29:12 | Build | Farm |
| 29:13 | Build | Farm |
| 29:23 | Build | Farm |
| 29:42 | Build | Farm |
| 29:48 | Create | Villager (Male) ×5 |
| 30:32 | Research | Husbandry |
| 30:32 | Research | Bloodlines |
| 30:33 | Research | Light Cavalry (upgrade) |
| 30:42 | Build | Farm |
| 30:51 | Build | University |
| 31:51 | Build | Castle |
| 31:58 | Build | Barracks |
| 32:07 | Build | Mining Camp |
| 32:17 | Build | Watch Tower |
| 32:18 | Build | Watch Tower |
| 32:20 | Build | Watch Tower |
| 32:42 | Research | Yasama |
| 32:44 | Create | Samurai ×5 |
| 32:44 | Create | Samurai ×5 |
| 32:45 | Create | Samurai ×5 |
| 32:45 | Create | Samurai ×5 |
| 32:45 | Create | Samurai ×4 |
| 33:08 | Research | Ballistics |
| 33:09 | Research | Murder Holes |
| 33:11 | Research | Guard Tower (upgrade) |
| 33:14 | Research | Masonry |
Build order — AlmiGhtY.-
First 150 of 475 actions detected
| 0:04 | Build | House |
| 0:04 | Build | House |
| 0:05 | Build | House |
| 0:09 | Create | Villager (Male) |
| 0:09 | Create | Villager (Male) |
| 0:09 | Create | Villager (Male) |
| 0:10 | Create | Villager (Male) |
| 0:10 | Create | Villager (Male) |
| 1:18 | Build | Mill |
| 1:40 | Create | Villager (Male) |
| 1:40 | Create | Villager (Male) |
| 2:05 | Create | Villager (Male) |
| 2:05 | Create | Villager (Male) |
| 2:37 | Create | Villager (Male) |
| 2:37 | Create | Villager (Male) |
| 2:59 | Create | Villager (Male) |
| 2:59 | Create | Villager (Male) |
| 3:24 | Create | Villager (Male) |
| 3:24 | Create | Villager (Male) |
| 3:45 | Create | Villager (Male) |
| 3:46 | Create | Villager (Male) |
| 4:11 | Create | Villager (Male) |
| 4:14 | Create | Villager (Male) |
| 4:14 | Create | Villager (Male) |
| 4:14 | Create | Villager (Male) |
| 4:28 | Create | Villager (Male) |
| 4:28 | Create | Villager (Male) |
| 5:01 | Create | Villager (Male) |
| 5:01 | Create | Villager (Male) |
| 5:01 | Create | Villager (Male) |
| 5:35 | Build | Lumber Camp |
| 5:42 | Create | Villager (Male) |
| 6:04 | Create | Villager (Male) |
| 6:24 | Build | House |
| 6:25 | Build | House |
| 6:34 | Create | Villager (Male) |
| 7:17 | Create | Villager (Male) |
| 7:23 | Create | Villager (Male) |
| 7:36 | Build | Mill |
| 8:37 | Research | Feudal Age |
| 9:07 | Create | Villager (Male) |
| 9:35 | Build | House |
| 9:35 | Build | House |
| 9:37 | Build | House |
| 9:48 | Build | Farm |
| 9:49 | Build | Farm |
| 10:21 | Create | Villager (Male) |
| 10:37 | Build | Barracks |
| 10:47 | Age | Feudal Age |
| 10:47 | Research | Double-Bit Axe |
| 10:47 | Research | Double-Bit Axe |
| 10:50 | Research | Horse Collar |
| 11:03 | Build | House |
| 11:14 | Create | Villager (Male) |
| 11:44 | Build | Mining Camp |
| 11:48 | Create | Villager (Male) |
| 11:48 | Create | Villager (Male) |
| 12:11 | Create | Villager (Male) |
| 12:11 | Create | Villager (Male) |
| 12:24 | Research | Gold Mining |
| 12:35 | Build | Market |
| 12:42 | Create | Villager (Male) |
| 12:43 | Create | Villager (Male) |
| 12:47 | Build | Farm |
| 12:55 | Build | Farm |
| 12:59 | Build | Farm |
| 12:59 | Build | Farm |
| 13:06 | Build | Farm |
| 13:11 | Build | Farm |
| 13:43 | Build | Lumber Camp |
| 13:52 | Create | Villager (Male) |
| 13:52 | Create | Villager (Male) |
| 13:52 | Create | Villager (Male) |
| 14:03 | Build | Farm |
| 14:07 | Build | Farm |
| 14:17 | Build | Farm |
| 14:34 | Build | Farm |
| 14:51 | Build | Farm |
| 15:01 | Build | Farm |
| 15:27 | Build | Farm |
| 15:32 | Create | Villager (Male) |
| 15:33 | Create | Villager (Male) |
| 15:56 | Build | Farm |
| 16:01 | Build | Farm |
| 16:05 | Build | Farm |
| 16:11 | Build | Mining Camp |
| 16:25 | Build | Blacksmith |
| 16:35 | Build | House |
| 16:36 | Build | House |
| 16:43 | Create | Villager (Male) |
| 17:08 | Research | Castle Age |
| 17:08 | Research | Castle Age |
| 17:12 | Research | Stone Mining |
| 18:12 | Create | Villager (Male) |
| 18:12 | Create | Villager (Male) |
| 18:20 | Research | Man-at-Arms (upgrade) |
| 18:20 | Research | Arson |
| 18:28 | Research | Scale Mail Armor |
| 18:28 | Research | Forging |
| 18:53 | Create | Villager (Male) |
| 18:53 | Create | Villager (Male) |
| 19:03 | Build | Farm |
| 19:05 | Build | Farm |
| 19:07 | Build | Farm |
| 19:08 | Build | Farm |
| 19:48 | Age | Castle Age |
| 19:55 | Create | Trade Cart |
| 19:56 | Create | Trade Cart |
| 20:21 | Build | Lumber Camp |
| 20:26 | Research | Bow Saw |
| 20:28 | Research | Heavy Plow |
| 20:31 | Research | Gold Shaft Mining |
| 20:39 | Create | Villager (Male) |
| 20:58 | Build | Town Center |
| 21:12 | Research | Stone Shaft Mining |
| 21:15 | Research | Stone Shaft Mining |
| 21:17 | Create | Villager (Male) |
| 21:35 | Create | Trade Cart |
| 21:45 | Create | Villager (Male) |
| 21:45 | Create | Villager (Male) |
| 21:46 | Create | Villager (Male) |
| 21:46 | Create | Villager (Male) |
| 21:56 | Create | Villager (Male) |
| 22:01 | Build | Farm |
| 22:02 | Build | Farm |
| 22:03 | Build | Farm |
| 22:04 | Build | Farm |
| 22:05 | Build | Farm |
| 22:09 | Create | Villager (Male) |
| 22:09 | Create | Villager (Male) |
| 22:09 | Create | Villager (Male) |
| 22:18 | Create | Villager (Male) |
| 22:18 | Create | Villager (Male) |
| 22:19 | Create | Villager (Male) |
| 22:19 | Create | Villager (Male) |
| 22:35 | Build | Stone Wall |
| 22:43 | Build | Lumber Camp |
| 22:50 | Research | Chain Mail Armor |
| 23:01 | Build | Monastery |
| 23:16 | Build | Stone Wall |
| 23:19 | Build | Building 487 |
| 23:29 | Create | Villager (Male) |
| 23:39 | Build | House |
| 23:39 | Build | House |
| 23:41 | Build | House |
| 23:41 | Build | House |
| 23:54 | Research | Caravan |
| 23:59 | Create | Monk |
| 24:28 | Create | Villager (Male) |
| 24:28 | Create | Villager (Male) |
Build order — Azteca Beleren
First 150 of 184 actions detected
| 0:32 | Build | House |
| 0:34 | Build | House |
| 0:36 | Build | House |
| 0:39 | Create | Villager (Male) ×4 |
| 1:14 | Build | Mill |
| 2:16 | Create | Villager (Male) |
| 2:52 | Create | Villager (Male) |
| 3:18 | Create | Villager (Male) |
| 3:35 | Create | Villager (Male) |
| 3:59 | Create | Villager (Male) |
| 3:59 | Create | Villager (Male) |
| 4:09 | Create | Villager (Male) |
| 4:46 | Create | Villager (Male) |
| 4:46 | Create | Villager (Male) |
| 5:16 | Create | Villager (Male) |
| 5:16 | Create | Villager (Male) |
| 5:39 | Create | Villager (Male) |
| 5:56 | Build | Lumber Camp |
| 6:25 | Create | Villager (Male) |
| 6:46 | Build | Farm |
| 6:57 | Build | House |
| 6:58 | Build | House |
| 7:01 | Build | House |
| 7:28 | Create | Villager (Male) |
| 7:28 | Create | Villager (Male) |
| 7:35 | Build | Farm |
| 8:00 | Build | Farm |
| 8:05 | Create | Villager (Male) ×2 |
| 8:27 | Build | Farm |
| 8:35 | Build | Farm |
| 8:42 | Create | Villager (Male) |
| 8:42 | Create | Villager (Male) |
| 8:53 | Build | Farm |
| 9:16 | Build | Farm |
| 9:36 | Build | Farm |
| 9:42 | Create | Villager (Male) |
| 9:43 | Create | Villager (Male) |
| 9:43 | Create | Villager (Male) |
| 9:43 | Create | Villager (Male) |
| 10:20 | Create | Villager (Male) |
| 10:20 | Create | Villager (Male) |
| 10:36 | Build | Farm |
| 10:57 | Build | Farm |
| 11:23 | Build | Farm |
| 11:30 | Build | Barracks |
| 11:49 | Build | Farm |
| 11:55 | Build | Farm |
| 12:21 | Build | Farm |
| 12:35 | Build | Mining Camp |
| 12:39 | Research | Feudal Age |
| 13:06 | Build | Farm |
| 14:49 | Age | Feudal Age |
| 14:58 | Research | Double-Bit Axe |
| 15:02 | Research | Horse Collar |
| 15:05 | Research | Wheelbarrow |
| 15:30 | Research | Gold Mining |
| 15:57 | Create | Villager (Male) ×5 |
| 16:55 | Build | Blacksmith |
| 17:21 | Build | Market |
| 18:08 | Build | Archery Range |
| 18:12 | Create | Villager (Male) ×5 |
| 18:18 | Build | Farm |
| 18:38 | Build | House |
| 18:40 | Build | House |
| 18:44 | Build | House |
| 19:07 | Build | Dock |
| 19:22 | Research | Castle Age |
| 19:59 | Create | Fire Galley |
| 19:59 | Create | Fire Galley |
| 20:18 | Build | Lumber Camp |
| 20:42 | Build | Mining Camp |
| 21:07 | Build | Farm |
| 21:20 | Build | Farm |
| 21:46 | Build | Farm |
| 22:11 | Age | Castle Age |
| 22:22 | Create | Fire Galley |
| 22:23 | Create | Fire Galley |
| 22:29 | Create | Villager (Male) ×5 |
| 22:29 | Create | Villager (Male) ×5 |
| 22:29 | Create | Villager (Male) ×5 |
| 23:02 | Create | Militia ×5 |
| 23:24 | Research | War Galley (upgrade) |
| 23:45 | Research | Man-at-Arms (upgrade) |
| 23:54 | Research | Bow Saw |
| 23:58 | Research | Heavy Plow |
| 24:54 | Build | House |
| 24:56 | Build | House |
| 24:58 | Build | House |
| 25:17 | Research | Hand Cart |
| 25:35 | Research | Gold Shaft Mining |
| 25:50 | Create | Fire Galley |
| 26:35 | Create | Galley |
| 26:36 | Create | Galley |
| 26:36 | Create | Galley |
| 26:38 | Create | Galley |
| 26:38 | Create | Galley |
| 26:40 | Create | Galley |
| 26:40 | Create | Galley |
| 26:49 | Create | Villager (Male) ×5 |
| 26:49 | Create | Villager (Male) ×5 |
| 26:50 | Create | Villager (Male) ×5 |
| 27:15 | Research | Stone Mining |
| 27:48 | Build | House |
| 27:51 | Build | House |
| 27:53 | Build | House |
| 28:05 | Research | Long Swordsman (upgrade) |
| 28:19 | Build | University |
| 29:15 | Research | Fletching |
| 29:37 | Build | Monastery |
| 29:57 | Research | Gambesons |
| 30:10 | Research | Stone Shaft Mining |
| 30:38 | Build | Barracks |
| 30:40 | Build | Barracks |
| 30:48 | Research | Imperial Age |
| 30:57 | Create | Monk |
| 30:57 | Create | Monk |
| 30:58 | Create | Monk |
| 31:03 | Research | Caravan |
| 31:26 | Research | Bodkin Arrow |
| 32:02 | Build | Lumber Camp |
| 33:54 | Build | Town Center |
| 34:09 | Age | Imperial Age |
| 34:28 | Research | Two-Handed Swordsman (upgrade) |
| 35:43 | Research | Champion (upgrade) |
| 35:53 | Research | Bracer |
| 36:34 | Create | Villager (Male) ×5 |
| 36:41 | Build | Barracks |
| 36:42 | Build | Barracks |
| 36:44 | Build | Barracks |
| 37:44 | Create | Trade Cart ×5 |
| 37:45 | Create | Trade Cart ×2 |
| 37:56 | Create | Villager (Male) ×5 |
| 38:11 | Create | Militia ×2 |
| 38:34 | Create | Militia |
| 39:06 | Build | Castle |
| 39:22 | Research | Forging |
| 39:39 | Research | Pikeman (upgrade) |
| 39:47 | Research | Pikeman (upgrade) |
| 39:53 | Create | Spearman ×5 |
| 39:57 | Create | Spearman ×5 |
| 40:00 | Create | Spearman ×5 |
| 40:55 | Build | Barracks |
| 41:06 | Create | Spearman ×5 |
| 41:09 | Create | Spearman ×5 |
| 41:12 | Create | Spearman ×5 |
| 41:36 | Build | Castle |
| 41:55 | Research | Conscription |
| 42:04 | Research | Iron Casting |
| 42:31 | Create | Trade Cart ×4 |
| 43:12 | Build | Siege Workshop |
Build order — Charly Garcia
First 150 of 201 actions detected
| 0:06 | Create | Villager (Male) |
| 0:23 | Build | Lumber Camp |
| 0:54 | Create | Villager (Male) |
| 0:56 | Create | Villager (Male) |
| 0:57 | Create | Villager (Male) |
| 0:57 | Create | Villager (Male) |
| 2:19 | Create | Villager (Male) |
| 2:54 | Build | Mill |
| 3:21 | Create | Villager (Male) |
| 4:40 | Create | Villager (Male) |
| 5:17 | Create | Villager (Male) |
| 5:56 | Create | Villager (Male) |
| 7:03 | Create | Villager (Male) |
| 7:03 | Create | Villager (Male) |
| 7:03 | Create | Villager (Male) |
| 7:04 | Create | Villager (Male) |
| 8:17 | Build | Mining Camp |
| 8:23 | Build | Mining Camp |
| 8:28 | Build | Barracks |
| 8:48 | Build | Dock |
| 9:31 | Research | Loom |
| 11:36 | Research | Feudal Age |
| 12:41 | Create | Villager (Male) |
| 12:42 | Create | Villager (Male) |
| 13:46 | Age | Feudal Age |
| 13:52 | Create | Villager (Male) |
| 13:52 | Create | Villager (Male) |
| 13:53 | Create | Villager (Male) |
| 13:53 | Create | Villager (Male) |
| 14:34 | Build | Farm |
| 14:59 | Build | Market |
| 15:06 | Build | Farm |
| 15:12 | Build | Farm |
| 15:17 | Build | Farm |
| 15:33 | Build | Blacksmith |
| 15:38 | Build | Farm |
| 15:40 | Research | Double-Bit Axe |
| 15:49 | Create | Transport Ship |
| 15:58 | Build | Farm |
| 16:05 | Research | Horse Collar |
| 16:15 | Create | Villager (Male) |
| 16:30 | Build | Farm |
| 16:56 | Build | Farm |
| 17:18 | Research | Wheelbarrow |
| 18:42 | Create | Villager (Male) |
| 18:43 | Create | Villager (Male) |
| 18:43 | Create | Villager (Male) |
| 18:43 | Create | Villager (Male) |
| 18:43 | Create | Villager (Male) |
| 18:43 | Create | Villager (Male) |
| 18:44 | Create | Villager (Male) |
| 19:07 | Create | Fishing Ship |
| 19:07 | Create | Fishing Ship |
| 19:07 | Create | Fishing Ship |
| 19:08 | Create | Fishing Ship |
| 19:08 | Create | Fishing Ship |
| 19:08 | Create | Fishing Ship |
| 19:22 | Build | Farm |
| 19:32 | Create | Trade Cart |
| 19:56 | Build | Farm |
| 20:29 | Build | Farm |
| 20:36 | Build | Farm |
| 20:44 | Build | Farm |
| 21:07 | Create | Villager (Male) |
| 21:07 | Create | Villager (Male) |
| 21:07 | Create | Villager (Male) |
| 21:08 | Create | Villager (Male) |
| 21:08 | Create | Villager (Male) |
| 21:08 | Create | Villager (Male) |
| 21:09 | Create | Villager (Male) |
| 21:09 | Create | Villager (Male) |
| 21:09 | Create | Villager (Male) |
| 21:47 | Build | Farm |
| 21:57 | Build | Farm |
| 22:36 | Build | Fish Trap |
| 22:40 | Build | Fish Trap |
| 23:59 | Research | Castle Age |
| 24:09 | Research | Gold Mining |
| 24:10 | Research | Stone Mining |
| 26:46 | Build | Stone Wall |
| 27:38 | Age | Castle Age |
| 27:43 | Research | Hand Cart |
| 27:49 | Research | Bow Saw |
| 27:51 | Research | Heavy Plow |
| 27:58 | Create | Transport Ship |
| 27:59 | Research | Tech 906 |
| 28:32 | Research | Caravan |
| 28:44 | Create | Villager (Male) |
| 28:44 | Create | Villager (Male) |
| 28:44 | Create | Villager (Male) |
| 28:44 | Create | Villager (Male) |
| 28:45 | Create | Villager (Male) |
| 28:45 | Create | Villager (Male) |
| 28:45 | Create | Villager (Male) |
| 28:45 | Create | Villager (Male) |
| 28:46 | Create | Villager (Male) |
| 28:46 | Create | Villager (Male) |
| 28:47 | Create | Villager (Male) |
| 28:55 | Create | Trade Cart |
| 28:56 | Create | Trade Cart |
| 28:56 | Create | Trade Cart |
| 28:56 | Create | Trade Cart |
| 28:56 | Create | Trade Cart |
| 28:57 | Create | Trade Cart |
| 29:18 | Build | Mining Camp |
| 30:25 | Build | Archery Range |
| 30:29 | Build | Stable |
| 30:50 | Create | Villager (Male) |
| 30:50 | Create | Villager (Male) |
| 30:51 | Create | Villager (Male) |
| 30:51 | Create | Villager (Male) |
| 31:39 | Research | Pikeman (upgrade) |
| 31:44 | Research | Forging |
| 31:50 | Research | Scale Barding Armor |
| 32:33 | Build | Stone Wall |
| 32:48 | Research | Iron Casting |
| 33:05 | Research | Light Cavalry (upgrade) |
| 33:05 | Research | Bloodlines |
| 33:06 | Research | Husbandry |
| 33:19 | Build | Lumber Camp |
| 34:22 | Build | Dock |
| 34:28 | Build | Dock |
| 34:31 | Build | Dock |
| 34:41 | Research | Chain Barding Armor |
| 35:00 | Build | Building 487 |
| 36:17 | Build | Farm |
| 36:23 | Build | Farm |
| 36:43 | Research | Man-at-Arms (upgrade) |
| 36:44 | Research | Squires |
| 36:55 | Build | Stable |
| 36:56 | Build | Stable |
| 36:57 | Build | Stable |
| 36:59 | Build | Stable |
| 37:10 | Build | Farm |
| 37:20 | Build | Farm |
| 37:52 | Research | Long Swordsman (upgrade) |
| 38:02 | Build | Archery Range |
| 38:02 | Build | Archery Range |
| 38:03 | Build | Archery Range |
| 38:53 | Create | Knight |
| 38:53 | Create | Knight |
| 38:53 | Create | Knight |
| 38:54 | Create | Knight |
| 38:54 | Create | Knight |
| 38:54 | Create | Knight |
| 38:54 | Create | Knight |
| 38:55 | Create | Knight |
| 38:55 | Create | Knight |
| 38:55 | Create | Knight |
| 38:55 | Create | Knight |
Build order — Nacho Lagos
First 150 of 228 actions detected
| 0:24 | Build | House |
| 0:31 | Build | House |
| 0:33 | Build | House |
| 0:34 | Build | House |
| 0:40 | Create | Villager (Male) ×4 |
| 0:40 | Create | Villager (Male) ×4 |
| 2:17 | Build | Lumber Camp |
| 2:43 | Create | Villager (Male) |
| 2:43 | Create | Villager (Male) |
| 3:16 | Create | Villager (Male) |
| 4:09 | Research | Loom |
| 4:12 | Create | Villager (Male) |
| 5:20 | Create | Villager (Male) |
| 5:20 | Create | Villager (Male) |
| 5:20 | Create | Villager (Male) |
| 5:54 | Build | Mill |
| 6:32 | Create | Villager (Male) |
| 6:32 | Create | Villager (Male) |
| 9:10 | Research | Feudal Age |
| 9:23 | Create | Villager (Male) |
| 10:42 | Create | Villager (Male) |
| 10:43 | Create | Villager (Male) |
| 10:43 | Create | Villager (Male) |
| 10:43 | Create | Villager (Male) |
| 10:43 | Create | Villager (Male) |
| 11:16 | Build | Farm |
| 11:17 | Build | Farm |
| 11:18 | Build | Farm |
| 11:20 | Age | Feudal Age |
| 11:21 | Build | Farm |
| 11:22 | Build | Farm |
| 11:24 | Build | Farm |
| 11:31 | Research | Horse Collar |
| 11:33 | Research | Double-Bit Axe |
| 11:50 | Build | Mining Camp |
| 12:06 | Create | Villager (Male) |
| 12:06 | Create | Villager (Male) |
| 12:30 | Create | Villager (Male) |
| 13:06 | Build | Mining Camp |
| 13:36 | Research | Wheelbarrow |
| 13:41 | Create | Villager (Male) |
| 14:01 | Build | House |
| 14:04 | Build | House |
| 14:06 | Build | House |
| 14:52 | Research | Stone Mining |
| 14:56 | Research | Gold Mining |
| 15:00 | Create | Villager (Male) |
| 15:10 | Build | Dock |
| 16:01 | Build | Watch Tower |
| 16:11 | Research | Town Watch |
| 16:19 | Create | Fishing Ship |
| 16:19 | Create | Fishing Ship |
| 17:07 | Build | Fish Trap |
| 17:17 | Build | Watch Tower |
| 17:28 | Create | Villager (Male) |
| 17:28 | Create | Villager (Male) |
| 17:45 | Build | Fish Trap |
| 18:42 | Create | Villager (Male) |
| 18:42 | Create | Villager (Male) |
| 18:43 | Create | Villager (Male) |
| 18:48 | Create | Villager (Male) |
| 19:12 | Build | Market |
| 19:27 | Build | Farm |
| 19:54 | Build | Farm |
| 20:13 | Research | Tech 906 |
| 20:25 | Build | Farm |
| 20:41 | Create | Trade Cart |
| 20:41 | Create | Trade Cart |
| 20:51 | Build | Farm |
| 21:34 | Build | Barracks |
| 21:43 | Create | Villager (Male) |
| 21:43 | Create | Villager (Male) |
| 22:11 | Create | Fire Galley |
| 22:11 | Create | Fire Galley |
| 22:57 | Build | Blacksmith |
| 23:26 | Research | Man-at-Arms (upgrade) |
| 23:39 | Build | House |
| 23:40 | Build | House |
| 23:49 | Research | Castle Age |
| 23:51 | Create | Villager (Male) |
| 23:51 | Create | Villager (Male) |
| 23:52 | Create | Villager (Male) |
| 23:52 | Create | Villager (Male) |
| 24:05 | Build | Farm |
| 24:27 | Build | House |
| 24:29 | Build | House |
| 24:30 | Build | House |
| 24:37 | Create | Villager (Male) |
| 24:37 | Create | Villager (Male) |
| 24:37 | Create | Villager (Male) |
| 24:38 | Create | Villager (Male) |
| 24:41 | Create | Villager (Male) |
| 24:41 | Create | Villager (Male) |
| 25:36 | Build | Stone Wall |
| 25:44 | Build | Building 487 |
| 25:55 | Research | Forging |
| 25:56 | Research | Scale Barding Armor |
| 26:04 | Research | Scale Mail Armor |
| 26:29 | Age | Castle Age |
| 26:33 | Research | Caravan |
| 26:34 | Create | Trade Cart |
| 26:34 | Create | Trade Cart |
| 27:14 | Build | Stone Wall |
| 27:40 | Research | Hand Cart |
| 27:52 | Build | Farm |
| 28:16 | Build | Building 487 |
| 28:33 | Build | Farm |
| 28:47 | Build | Lumber Camp |
| 28:54 | Build | Farm |
| 29:11 | Build | Stone Wall |
| 29:19 | Build | Building 490 |
| 29:48 | Research | Pikeman (upgrade) |
| 29:49 | Research | Squires |
| 29:52 | Research | Iron Casting |
| 29:53 | Research | Chain Mail Armor |
| 30:04 | Build | Farm |
| 30:06 | Build | Farm |
| 30:07 | Build | Farm |
| 30:32 | Build | Castle |
| 30:51 | Build | Farm |
| 31:18 | Create | Villager (Male) |
| 31:18 | Create | Villager (Male) |
| 31:29 | Research | Long Swordsman (upgrade) |
| 31:30 | Create | Militia |
| 31:30 | Create | Militia |
| 31:31 | Create | Militia |
| 31:31 | Create | Militia |
| 31:31 | Create | Militia |
| 31:33 | Create | Spearman |
| 31:33 | Create | Spearman |
| 31:33 | Create | Spearman |
| 31:48 | Build | Watch Tower |
| 32:05 | Build | Farm |
| 32:24 | Build | Stone Wall |
| 32:56 | Research | Stone Shaft Mining |
| 33:01 | Create | Trade Cart |
| 33:01 | Create | Trade Cart |
| 33:03 | Create | Trade Cart |
| 33:03 | Create | Trade Cart |
| 33:03 | Create | Trade Cart |
| 33:13 | Create | Fire Galley |
| 33:16 | Create | Fire Galley |
| 33:16 | Create | Fire Galley |
| 33:16 | Create | Fire Galley |
| 33:28 | Build | House |
| 33:29 | Build | House |
| 33:30 | Build | House |
| 33:31 | Build | House |
| 33:44 | Build | Farm |
| 33:57 | Build | Watch Tower |
Match timeline
| 6:38 | CyberNinjaX · first_building Dock |
| 8:28 | Charly Garcia · first_building Barracks |
| 8:48 | Charly Garcia · first_building Dock |
| 10:37 | AlmiGhtY.- · first_building Barracks |
| 10:47 | AlmiGhtY.- · age_up feudal |
| 11:20 | Nacho Lagos · age_up feudal |
| 11:30 | Azteca Beleren · first_building Barracks |
| 12:35 | olaf.kreegs · age_up feudal |
| 13:11 | CyberNinjaX · age_up feudal |
| 13:46 | Charly Garcia · age_up feudal |
| 14:49 | Azteca Beleren · age_up feudal |
| 15:10 | Nacho Lagos · first_building Dock |
| 15:39 | olaf.kreegs · first_building Barracks |
| 18:08 | Azteca Beleren · first_building Archery Range |
| 19:07 | Azteca Beleren · first_building Dock |
| 19:11 | olaf.kreegs · first_building Dock |
| 19:39 | olaf.kreegs · first_building Stable |
| 19:48 | AlmiGhtY.- · age_up castle |
| 19:48 | CyberNinjaX · first_building Barracks |
| 21:19 | CyberNinjaX · first_building Archery Range |
| 21:34 | Nacho Lagos · first_building Barracks |
| 21:57 | olaf.kreegs · age_up castle |
| 22:11 | Azteca Beleren · age_up castle |
| 22:35 | AlmiGhtY.- · wall_segment Stone Wall x6 |
| 23:01 | AlmiGhtY.- · first_building Monastery |
| 23:16 | AlmiGhtY.- · wall_segment Stone Wall x22 |
| 24:47 | CyberNinjaX · age_up castle |
| 25:36 | Nacho Lagos · wall_segment Stone Wall x16 |
| 26:29 | Nacho Lagos · age_up castle |
| 26:46 | Charly Garcia · wall_segment Stone Wall x12 |
| 26:47 | AlmiGhtY.- · wall_segment Stone Wall x11 |
| 26:56 | AlmiGhtY.- · wall_segment Stone Wall x15 |
| 27:14 | Nacho Lagos · wall_segment Stone Wall x14 |
| 27:38 | Charly Garcia · age_up castle |
| 29:03 | AlmiGhtY.- · first_building Castle |
| 29:11 | Nacho Lagos · wall_segment Stone Wall x11 |
| 29:37 | Azteca Beleren · first_building Monastery |
| 30:25 | Charly Garcia · first_building Archery Range |
| 30:29 | Charly Garcia · first_building Stable |
| 30:32 | Nacho Lagos · first_building Castle |
| 31:11 | AlmiGhtY.- · first_building Siege Workshop |
| 31:51 | olaf.kreegs · first_building Castle |
| 32:06 | AlmiGhtY.- · wall_segment Stone Wall x14 |
| 32:08 | AlmiGhtY.- · wall_segment Stone Wall x7 |
| 32:24 | Nacho Lagos · wall_segment Stone Wall x21 |
| 32:25 | CyberNinjaX · first_building Castle |
| 32:33 | Charly Garcia · wall_segment Stone Wall x32 |
| 33:00 | AlmiGhtY.- · wall_segment Stone Wall x8 |
| 33:29 | AlmiGhtY.- · first_building Stable |
| 34:09 | Azteca Beleren · age_up imperial |
| 34:57 | Nacho Lagos · wall_segment Stone Wall x13 |
| 36:12 | Nacho Lagos · first_building Archery Range |
| 37:48 | AlmiGhtY.- · age_up imperial |
| 38:59 | olaf.kreegs · first_market_sell 500 wood |
| 39:06 | Azteca Beleren · first_building Castle |
| 39:21 | Charly Garcia · first_building Castle |
| 39:39 | olaf.kreegs · age_up imperial |
| 40:39 | CyberNinjaX · age_up imperial |
| 41:56 | Charly Garcia · first_building Siege Workshop |
| 42:12 | AlmiGhtY.- · first_market_sell 100 food |
| 42:50 | AlmiGhtY.- · first_building Dock |
| 43:12 | Azteca Beleren · first_building Siege Workshop |
| 44:33 | olaf.kreegs · first_building Siege Workshop |
| 44:54 | Charly Garcia · first_market_sell 100 food |
| 45:06 | Nacho Lagos · first_market_sell 500 food |
| 47:10 | Nacho Lagos · age_up imperial |
| 47:24 | Nacho Lagos · first_market_buy 100 wood |
| 48:12 | Charly Garcia · age_up imperial |
| 51:51 | AlmiGhtY.- · resign |
[ AI ANALYSIS · 1 CREDIT ]
What really happened in this match?
Wolo.gg analyzes every decision: build order, eco, micro, common mistakes by bracket. Personalized analysis on WhatsApp or Discord in 30 seconds.
Civ guide
Vietnamese
Map guide
MegaRandom
Perfil
CyberNinjaX